cohdb
Replays
Latest Replays
All Replays
Popular Replays
Top Player Replays
Match Explorer
How It Works
Community
CoH3 Stats
Reddit
Sign in to upload your games and track your stats! →
Sign in with Steam
Match 43469432
Unlisted
Match 43469432
Overview
Messages
Build Orders
End
Construct Barracks
Riflemen Squad
Riflemen Squad
1⁄4-ton 4x4 Truck
Riflemen Squad
Infantry Support Center
M1 Mortar Team
Construct Motor Pool
M1 Anti-tank Gun Team
Demolitions Package
M1 Anti-tank Gun Team
M8 Greyhound Armored Car
Selects Armored Battlegroup
Selects Fast Deploy
Selects Veteran Crews
Selects Field Repairs
Construct Medical Station
Engineer Squad
Grenade Package
Engineer Squad
Construct Tank Depot
Riflemen Squad
Selects War Machine
Selects Seek and Destroy
Selects UNKNOWN (2160077)
M4A1 Sherman Medium Tank
M1 Anti-tank Gun Team
styks1111
^3
0
0
Comments
sign in to comment!
No comments posted yet!